 Dungeon Crawl Stone Soup version 0.25.1-2-g60ff931df9 (webtiles) character file.

Game seed: 9743732222047259025

7 moonlapse the Sneak (level 1, -1/18 HPs)
             Began as a Draconian Assassin on Oct 4, 2020.
             Slain by a hobgoblin
             ... wielding a +0 club
              (3 damage)
             ... on level 1 of the Dungeon.
             The game lasted 00:01:21 (66 turns).

moonlapse the Sneak (Draconian Assassin)              Turns: 66, Time: 00:01:21

Health: -1/18      AC:  5    Str: 13    XL:     1   Next: 83%
Magic:  1/1        EV: 11    Int: 11    God:
Gold:   0          SH:  0    Dex: 12    Spells: 0/0 levels left

rFire    . . .     SeeInvis .   a - +2 dagger
rCold    . . .     Gourm    .   (no shield)
rNeg     . . .     Faith    .   (armour unavailable)
rPois    .         Spirit   .   (helmet restricted)
rElec    .         Reflect  .   b - +0 cloak
rCorr    .         Harm     .   (no gloves)
MR       .....                  (no boots)
Stlth    ++........             (no amulet)
HPRegen  0.06/turn              (no ring)
MPRegen  0.07/turn              (no ring)

@: no status effects
A: unfitting armour, cold-blooded, AC +4
a: no special abilities


You were on level 1 of the Dungeon.
You were not hungry.

You visited 1 branch of the dungeon, and saw 1 of its levels.

Inventory:

Hand Weapons
 a - a +2 dagger (weapon)
Missiles
 c - 19 poisoned darts
 d - 2 curare-tipped darts
Armour
 b - a +0 cloak (worn)
Scrolls
 e - a scroll of magic mapping {unknown}
Comestibles
 f - a ration
 g - 4 chunks of flesh {@w0@w0}


   Skills:
 + Level 2.9 Fighting
 - Level 2.0 Short Blades
 - Level 1.7 Throwing
 - Level 0.8 Dodging
 - Level 3.6 Stealth


You couldn't memorise any spells.
You didn't know any spells.
Your spell library was empty.

Dungeon Overview and Level Annotations

Branches:
Dungeon (1/15)

Altars:


Innate Abilities, Weirdness & Mutations

Your plain brown scales are hard. (AC +4)
You cannot fit into any form of body armour.
You are cold-blooded and may be slowed by cold attacks.


Message History

You hit the goblin. The goblin misses you.
You closely miss the goblin. The goblin barely misses you.
You hit the goblin.
You kill the goblin!
Health restored: 18 A hobgoblin comes into view.
It is wielding a +0 club.
The goblin shouts!
You hear a shout!
Things that are here:
a +1 dagger of speed; a goblin corpse The hobgoblin hits you.
You take 2 damage, and have 16/18 hp.
You see here 18 poisoned darts.
c - 26 poisoned darts (gained 18)
The hobgoblin hits you.
A hobgoblin comes into view. It is wielding a +0 club.
You take 1 damage, and have 15/18 hp.
You hit the hobgoblin. The hobgoblin misses you.
You closely miss the hobgoblin. You closely miss the hobgoblin.
The hobgoblin hits you.
You take 2 damage, and have 13/18 hp.
You hit the hobgoblin.
The hobgoblin hits you but does no damage.
You closely miss the hobgoblin. The hobgoblin hits you.
The goblin closely misses you.
You take 1 damage, and have 12/18 hp.
You hit the hobgoblin.
You kill the hobgoblin!
The hobgoblin hits you with a +0 club. The goblin hits you but does no damage.
You take 1 damage, and have 11/18 hp.
You hit the hobgoblin.
You tail-slap the hobgoblin, but do no damage.
The hobgoblin hits you but does no damage.
The goblin closely misses you.
You barely miss the hobgoblin. The hobgoblin hits you with a +0 club.
The hobgoblin misses you.
You take 3 damage, and have 8/18 hp.
You are too injured to fight recklessly!
You hit the hobgoblin. The goblin barely misses you. The hobgoblin misses you.
You hit the hobgoblin.
You kill the hobgoblin!
The hobgoblin hits you with a cursed +0 club.
* * * LOW HITPOINT WARNING * * *
The goblin hits you but does no damage.
You take 3 damage, and have 5/18 hp.
You closely miss the hobgoblin.
The hobgoblin hits you but does no damage.
The goblin hits you but does no damage.
You hit the hobgoblin.
You kill the hobgoblin!
The goblin completely misses you. The goblin hits you but does no damage.
Things that are here:
a cursed +0 club; a hobgoblin corpse You hit the goblin.
You kill the goblin!
You see here a +0 club.
You see here a +0 club.
Things that are here:
a cursed +0 club; a hobgoblin corpse You butcher the hobgoblin corpse.
g - 4 chunks of flesh {@w0@w0}
Things that are here:
a cursed +0 club; a hobgoblin skeleton You start resting.
A hobgoblin comes into view. It is wielding a +0 club.
The hobgoblin shouts!
Things that are here:
a cursed +0 club; a hobgoblin skeleton Firing (i - inventory) No suitable missiles.
Aim: a hobgoblin, wielding a +0 club You throw a poisoned dart.
The poisoned dart barely misses the hobgoblin.
Firing (i - inventory) No suitable missiles.
Aim: a hobgoblin, wielding a +0 club You throw a poisoned dart.
The poisoned dart barely misses the hobgoblin.
Firing (i - inventory) No suitable missiles.
Aim: a hobgoblin, wielding a +0 club You throw a poisoned dart.
The poisoned dart closely misses the hobgoblin.
Firing (i - inventory) No suitable missiles.
Aim: a hobgoblin, wielding a +0 club You throw a poisoned dart.
The poisoned dart barely misses the hobgoblin.
Firing (i - inventory) No suitable missiles.
Aim: a hobgoblin, wielding a +0 club You throw a poisoned dart.
The poisoned dart hits the hobgoblin.
The hobgoblin is poisoned.
The hobgoblin hits you with a +0 club.
* * * LOW HITPOINT WARNING * * *
You take 4 damage, and have 2/18 hp.
MASSIVE DAMAGE!!
Firing (i - inventory) No suitable missiles.
Aim: a hobgoblin, wielding a +0 club (poisoned)
You throw a poisoned dart. The poisoned dart hits the hobgoblin.
The hobgoblin looks even sicker.
Firing (i - inventory) No suitable missiles.
Aim: a hobgoblin, wielding a +0 club (lightly wounded, very poisoned)
You throw a poisoned dart. The poisoned dart hits the hobgoblin.
The hobgoblin looks even sicker.
The hobgoblin hits you with a +0 club.
You die...

##..8...≈≈.≈≈≈≈≈≈
#....[..≈≈.≈≈≈≈≈
##.......<.≈≈≈≈≈≈
#..........≈≈≈≈≈≈
#...........≈.≈≈≈
##......8....≈≈≈≈≈
#.(...........≈.≈≈
###.............≈≈≈≈
#......@.......8.≈≈≈
#....8g.........≈≈≈≈
#.....))....###
######........####
.>.....)....###
..###(.(....#
....####### ......
....g


You could see a hobgoblin (very poisoned).

Vanquished Creatures
  2 goblins (D:1)
  3 hobgoblins (D:1)
5 creatures vanquished.

Notes
Turn   | Place    | Note
-------+----------+-------------------------------------------
     0 | D:1      | moonlapse the Draconian Assassin began the quest for the
                  | Orb.
     0 | D:1      | Reached XP level 1. HP: 17/17 MP: 1/1
    64 | D:1      | HP: 2/18 [hobgoblin/+0 club (4)]
    66 | D:1      | Slain by a hobgoblin

Illustrated notes

Levels and vault maps discovered:
D:1:      nicolae_arrival_washed_ashore, layout_rooms

Action                   || total
-------------------------++-------
Melee: Dagger            ||    16
       Tailslap          ||     1
Throw: Dart              ||     7
Armor: Skin              ||     7
Dodge: Dodged            ||    10

Levels and vault maps discovered:
D:1:      nicolae_arrival_washed_ashore, layout_rooms

Table legend:
 A = Turns spent in this place as a percentage of turns spent in the entire game.
 B = Non-inter-level travel turns spent in this place as a percentage of non-inter-level travel turns spent in the entire game.
 C = Inter-level travel turns spent in this place as a percentage of turns spent in this place.
 D = Turns resting spent in this place as a percentage of non-inter-level travel turns spent in this place.
 E = Turns spent auto-exploring this place as a percentage of non-inter-level travel turns spent in this place.
 F = Non-inter-level travel turns spent in this place divided by the number of levels of this place that you've seen.
                   A       B       C       D       E      F
               +-------+-------+-------+-------+-------+----------------------
         Total | 100.0 | 100.0 |   0.0 |  13.6 |  18.2 |  66.0
       Dungeon | 100.0 | 100.0 |   0.0 |  13.6 |  18.2 |  66.0
               +-------+-------+-------+-------+-------+----------------------

Table legend:
 A = Kills in this place as a percentage of kills in entire the game.
 B = Kills by you in this place as a percentage of kills by you in the entire game.
 C = Kills by friends in this place as a percentage of kills by friends in the entire game.
 D = Other kills in this place as a percentage of other kills in the entire game.
 E = Experience gained in this place as a percentage of experience gained in the entire game.
 F = Experience gained in this place divided by the number of levels of this place that you have seen.
                   A       B       C       D       E      F
               +-------+-------+-------+-------+-------+----------------------
         Total | 100.0 | 100.0 |   N/A |   N/A | 100.0 |  10.0
       Dungeon | 100.0 | 100.0 |   N/A |   N/A | 100.0 |  10.0
               +-------+-------+-------+-------+-------+----------------------
